 Adventure DCSS version bcrawl-1.32 (webtiles) character file.

Game seed: 6110193415353282100

83226 Leeroy the Slasher (level 3, 21/21 HPs)
             Began as a Skeleton Skald on Aug 3, 2021.
             Quit the game on level 3 of the Dungeon.
             The game lasted 00:02:46 (2673 turns).

Leeroy the Slasher (Skeleton Skald)                 Turns: 2673, Time: 00:02:47

Health: 21/21      AC:  6    Str: 17    XL:     3   Next: 75%
Magic:  7/7        EV: 10    Int: 12    God:
Gold:   150        SH:  0    Dex:  4    Spells: 0/8 levels left
                                        Lives:  1   Deaths: 1

rFire    + . .     SeeInvis .   a - +0 long sword
rCold    . . .     Gourm    .   (no shield)
rNeg     + + +     Faith    .   e - +0 scale mail
rPois    ∞         Spirit   +   (no helmet)
rElec    .         Reflect  .   (no cloak)
rCorr    .         Harm     .   (no gloves)
MR       +....                  (no boots)
Stlth    ..........             (no amulet)
HPRegen  0.07/turn              g - ring "Buhus" {Fire rN+ MR+ Dex-5} (curse)
MPRegen  0.10/turn              (no ring)

@: no status effects
A: no food or potions, cold resistance 1, deterioration 1, negative energy
resistance 3, torment resistance, unbreathing, magic shield, sturdy frame 1,
spell healing
a: no special abilities


You were on level 3 of the Dungeon.
You were not hungry.

You visited 1 branch of the dungeon, and saw 3 of its levels.

You collected 150 gold pieces.

Inventory:

Hand Weapons
 a - a +0 long sword (weapon)
Armour
 b - a +0 leather armour
 e - a +0 scale mail (worn)
 f - a +0 ring mail
Jewellery
 c - an uncursed ring of poison resistance {unknown}
 g - the cursed ring "Buhus" (left hand) {Fire rN+ MR+ Dex-5}
   (You found it on level 1 of the Dungeon)

   [ring of fire]

   It enhances your fire magic.
   It affects your dexterity (-5).
   It protects you from fire.
   It makes you vulnerable to cold.
   It protects you from negative energy.
   It affects your resistance to hostile enchantments.
   It has a curse placed upon it.
Scrolls
 d - a scroll of fear
 h - 2 scrolls of teleportation
 i - 4 scrolls of identify
 j - 5 scrolls of remove curse {unknown}
 k - 2 scrolls of fog {unknown}


   Skills:
 - Level 2.0 Fighting
 + Level 6.1 Long Blades
 - Level 1.1 Armour
 - Level 2.0 Dodging
 - Level 3.0 Spellcasting
 - Level 3.2 Charms


You couldn't memorise any spells.
You knew the following spells:

 Your Spells              Type           Power        Failure   Level  Hunger
a - Infusion              Chrm           #.......     14%         1    N/A
b - Swiftness             Chrm/Air       #.......     38%         2    N/A
c - Song of Slaying       Chrm           #.......     22%         2    N/A
d - Spectral Weapon       Hex/Chrm       #.......     63%         3    N/A

Your spell library contained the following spells:

 Spells                   Type           Power        Failure   Level  Hunger
 Ozocubu's Armour         Chrm/Ice       #.......     63%         3    N/A
 Regeneration             Chrm/Necr      Unusable     N/A         3    N/A

Dungeon Overview and Level Annotations

Branches:
Dungeon (3/12)

Altars:
Elyvilon
Fedhas
Wu Jian

Annotations:
D:2 2 transporters
D:3 exclusion: oklob plant


Innate Abilities, Weirdness & Mutations

You do not eat or drink.
You are immune to poison.
Your flesh is cold resistant. (rC+)
Your body sometimes deteriorates upon taking damage.
You are immune to negative energy. (rN+++)
You are immune to unholy pain and torment.
You can survive without breathing.
When hurt, damage is shared between your health and your magic reserves.
Your movements are slightly less encumbered by armour. (ER -2)
Casting spells heals you.


Message History

* * * LOW HITPOINT WARNING * * *
You can't drink.
As you read the scroll of fear, it crumbles to dust.
You assume a fearsome visage.
The frilled lizard looks frightened!
The adder looks frightened!
The howler monkey looks frightened!
Firing (i - inventory) No suitable missiles.
Press: ? - help, Shift-Dir - straight line, f - frilled lizard
Aim: a frilled lizard
Okay, then.
Quiver which item? (- for none, * to show all) (? for menu, Esc to quit)
Okay, then.
The frilled lizard bites you but does no damage.
You closely miss the frilled lizard. The frilled lizard bites you.
You die...
Xom reaches out...
You are now level 3!
You rejoin the land of the living...
Unknown command.
Unknown command.
Are you sure you want to abandon this character and quit the game? (Confirm with "yes".) #.##'##### #..!...)..#># #..#.# ####.######.# ##.#.# #.!.........# #.#.# #.....########## ##########.# ####.....#....#....
PP.P#PPP#..# #........#.##.#.### PPP#PPP##.#

#.....####.##.#.#..
##PPPPPP##.#
#.....# #.#..#.#..
.PPP.PPP#..#
#.@...####.#.##.#..
...PPP..#..#
########........##.
≈≈..#PPP#.>#
#...#.......
≈≈≈..##P#.##
#...########
≈≈≈≈..PP#.# #...#
#.. ≈≈≈≈≈.PP#.#
#...# #.#
.≈≈≈≈.###.# #...#
#.# .≈≈≈≈.....#
##### #.#
.≈≈≈≈.##### #.#


There were no monsters in sight!

Vanquished Creatures
  A crimson imp (D:3)
  2 adders (D:3)
  2 oozes
  2 dart slugs
  An orc (D:2)
  2 bats
  3 giant cockroaches
  7 goblins
  9 hobgoblins
  5 jackals (D:2)
  A ball python (D:2)
  6 frilled lizards
  9 kobolds
  9 rats
59 creatures vanquished.

Notes
Turn   | Place    | Note
-------+----------+-------------------------------------------
     0 | D:1      | Leeroy the Skeleton Skald began the quest for the Orb.
     0 | D:1      | Reached XP level 1. HP: 12/12 MP: 4/4
   230 | D:1      | Reached skill level 3 in Long Blades
   404 | D:1      | Reached XP level 2. HP: 16/17 MP: 6/6
   432 | D:1      | Learned a level 2 spell: Swiftness
   501 | D:1      | Learned a level 2 spell: Song of Slaying
   586 | D:1      | Got a flickering turquoise ring
   612 | D:1      | Reached skill level 4 in Long Blades
   620 | D:1      | Identified the cursed ring "Buhus" {Fire rN+ MR+ Dex-5}
                  | (You found it on level 1 of the Dungeon)
  1019 | D:2      | Reached XP level 3. HP: 17/21 MP: 7/7
  1321 | D:2      | Found a transporter.
  1406 | D:2      | Found a transporter.
  1469 | D:2      | Found an ornate altar of the Wu Jian Council.
  1591 | D:2      | Found a white marble altar of Elyvilon.
  1841 | D:2      | Reached skill level 5 in Long Blades
  1855 | D:2      | Learned a level 3 spell: Spectral Weapon
  1962 | D:3      | Reached XP level 4. HP: 15/26 MP: 3/8
  2507 | D:3      | Found a blossoming altar of Fedhas.
  2522 | D:3      | Noticed an oklob plant
  2606 | D:3      | Reached skill level 6 in Long Blades
  2668 | D:3      | HP: 1/26 [howler monkey (1)]
  2672 | D:3      | Slain by a frilled lizard
  2673 | D:3      | Reached XP level 3. HP: -1/21 MP: 0/7
  2673 | D:3      | Quit the game

Skill      XL: |  1  2  3  4 |
---------------+-------------+-----
Long Blades    | 3 4 5 6 |  6.1
Fighting       | |  2.0
Armour         | |  1.1
Dodging        | |  2.0
Spellcasting   | |  3.0
Charms         | |  3.2

Action                   |  1- 3 |  4- 6 || total
-------------------------+-------+-------++-------
Melee: Long sword        |   202 |    76 ||   278
 Cast: Song of Slaying   |       |     2 ||     2
  Use: Scroll            |     1 |     1 ||     2
Armor: Scale mail        |   101 |    38 ||   139
       Leather armour    |     2 |       ||     2
Dodge: Dodged            |   126 |    63 ||   189
Block: Other             |       |    10 ||    10
